 Dungeon Crawl Stone Soup version 0.25-a0-597-gb30770a0c0 (webtiles) character file.

Game seed: 6974814395719945267, levelgen mode: deterministic

205 Delarado the Ruffian (level 5, -3/36 HPs)
             Began as an Octopode Fighter on Mar 15, 2020.
             Was an Initiate of Gozag.
             Slain by an ice beast (11 damage)
             ... on level 3 of the Dungeon.
             The game lasted 00:05:56 (2956 turns).

Delarado the Ruffian (Octopode Fighter)             Turns: 2956, Time: 00:05:57

Health: -3/36      AC:  1    Str: 16    XL:     5   Next: 83%
Magic:  5/5        EV: 11    Int: 10    God:    Gozag
Gold:   404        SH:  8    Dex: 12    Spells: 4/4 levels left

rFire    . . .     SeeInvis .     - Unarmed
rCold    . . .     Gourm    .   a - +0 kite shield
rNeg     . . .     Faith    .   (helmet restricted)
rPois    .         Spirit   .   (no amulet)
rElec    .         Reflect  .   o - ring of stealth
rCorr    .         Harm     .   (no ring)
MR       .....                  (no ring)
Stlth    +++.......             (no ring)
HPRegen  0.12/turn              (no ring)
MPRegen  0.09/turn              (no ring)
                                (no ring)
                                (no ring)

@: no status effects
A: almost no armour, stealthy swim, amphibious, 8 rings, constrict 8, camouflage
1, gelatinous body 1
a: Potion Petition, Call Merchant, Bribe Branch, Renounce Religion


You were on level 3 of the Dungeon.
You worshipped Gozag.
Gozag was aware of your devotion.
You were not hungry.

You visited 1 branch of the dungeon, and saw 3 of its levels.

You collected 414 gold pieces.
You paid 10 gold pieces to Gozag.

Inventory:

Missiles
 e - 69 stones (quivered)
Armour
 a - a +0 kite shield (worn)
Jewellery
 o - a ring of stealth (left tentacle)
Scrolls
 d - 7 scrolls of remove curse {unknown}
 j - 3 scrolls of amnesia {unknown}
 k - a scroll of immolation {unknown}
 m - a scroll of fog {unknown}
 n - a scroll of teleportation {unknown}
 p - a scroll of enchant weapon {unknown}
 q - a scroll of fear {unknown}
 s - a scroll of enchant armour {unknown}
 t - a scroll of identify {unknown}
 u - a scroll of magic mapping {unknown}
Potions
 b - a potion of might
 f - a potion of experience {unknown}
 g - a potion of brilliance {unknown}
 h - a potion of degeneration {unknown}
 i - a potion of flight {unknown}
 l - a potion of berserk rage {unknown}
 r - 2 potions of heal wounds {unknown}
Comestibles
 c - 5 rations


   Skills:
 - Level 3.0 Fighting
 - Level 3.0 Dodging
 - Level 3.0 Shields
 + Level 5.9 Unarmed Combat


You had 4 spell levels left.
You didn't know any spells.
Your spell library was empty.

Dungeon Overview and Level Annotations

Branches:
Dungeon (3/15)

Altars:
Gozag
Makhleb
Vehumet


Innate Abilities, Weirdness & Mutations

You cannot wear most types of armour.
You are very stealthy in the water. (Stealth+)
You are amphibious.
You can wear up to eight rings at the same time.
You can use your tentacles to constrict eight enemies at once.
Your skin changes colour to match your surroundings (Stealth+).
Your rubbery body absorbs attacks. (AC +1, EV +1)


Message History

Press: ? - help, Shift-Dir - straight line, f - ice beast
Aim: an ice beast You throw a stone.
The stone barely misses the ice beast.
You tentacle-slap the ice beast.
The ice beast is lightly wounded.
The ice beast hits you. The ice beast freezes you!
You tentacle-slap the ice beast but do no damage.
The ice beast is lightly wounded.
The ice beast hits you but does no damage.
You closely miss the ice beast. You squeeze the ice beast!
The ice beast is heavily wounded.
The ice beast hits you. The ice beast freezes you!
* * * LOW HITPOINT WARNING * * *
You bludgeon the ice beast! You tentacle-slap the ice beast.
The ice beast is almost dead.
The ice beast hits you.
* * * LOW HITPOINT WARNING * * *
The ice beast freezes you!
You die...
Your body crumbles into a pile of gold.

...... #.....###.#........##....
...... .### #...........##....
......###.. #....>.[...)......
......##..# #.........#....#.#
#.........## #........###.##<..
#..#.#.#...#####........# #..#.Y.
#..............####...######.#(..
#..#.#.#...###...##.#.....< .#...
#............<..@Y......... .#.Y.
...#.#.#...####............#.#...
.............#.............#$#..
#..........#...............# ##
##########....##...........# .. #
.......###...........#####. #
######.###..............)#. #
....................<[#.
.########...########..[.


You could see an ice beast.

Vanquished Creatures
  An orc priest (D:3)
  A bullfrog skeleton (D:3)
  An orc wizard (D:3)
  4 adders (D:2)
  An ooze (D:3)
  A worm (D:3)
  2 dart slugs (D:2)
  3 leopard geckos
  7 orcs (D:3)
  8 bats
  5 giant cockroaches
  5 goblins
  8 hobgoblins
  4 jackals (D:2)
  5 kobolds
  4 frilled lizards
  11 rats
71 creatures vanquished.

Notes
Turn   | Place    | Note
-------+----------+-------------------------------------------
     0 | D:1      | Delarado the Octopode Fighter began the quest for the Orb.
     0 | D:1      | Reached XP level 1. HP: 16/16 MP: 1/1
   382 | D:1      | Reached XP level 2. HP: 21/21 MP: 2/2
   625 | D:1      | Reached skill level 3 in Unarmed Combat
   967 | D:2      | Reached XP level 3. HP: 25/26 MP: 3/3
   974 | D:2      | Found an opulent altar of Gozag.
  1025 | D:2      | Became a worshipper of Gozag Ym Sagoz the Greedy
  1419 | D:2      | Reached skill level 4 in Unarmed Combat
  1529 | D:2      | Reached XP level 4. HP: 24/31 MP: 4/4
  2179 | D:2      | Found a burning altar of Makhleb.
  2341 | D:3      | Reached skill level 5 in Unarmed Combat
  2341 | D:3      | Reached XP level 5. HP: 28/36 MP: 5/5
  2860 | D:3      | Found a radiant altar of Vehumet.
  2918 | D:3      | Noticed an ice beast
  2956 | D:3      | Slain by an ice beast

Levels and vault maps discovered:
D:1:      dpeg_arrival_leaves_temple_mockup, layout_loops_ring
D:2:      layout_loops_ring, lemuel_coloured_pillars_altar,
          minmay_misc_feat_hallway, grunt_gozag_statues
D:3:      layout_rooms, vehumet_crystals, serial_co_window_serial,
          co_window_of_opportunity_a, co_window_paths_a, co_window_corner_a,
          co_window_of_opportunity_a, co_window_corner_a,
          co_window_unsneaky_path_b, co_window_broadway_a, co_window_corner_cb,
          co_window_corner_b, co_window_unsneaky_path_a, glass_columns_c,
          glass_columns_b, glass_columns_a, glass_columns_c, first_ration

Skill      XL: |  1  2  3  4 |
---------------+-------------+-----
Unarmed Combat | 3 4 5 |  5.9
Fighting       | |  3.0
Dodging        | |  3.0
Shields        | |  3.0

Action                   |  1- 3 |  4- 6 || total
-------------------------+-------+-------++-------
Melee: Unarmed           |    69 |    85 ||   154
       Constrict         |    23 |    21 ||    44
       Tentacles         |    14 |    17 ||    31
       Punch             |       |     4 ||     4
Throw: Stone             |    40 |    68 ||   108
 Stab: Sleeping          |     4 |       ||     4
  Eat: Ration            |     1 |     1 ||     2
Armor: Skin              |     2 |     9 ||    11
Dodge: Dodged            |    19 |    26 ||    45
Block: Kite shield       |    22 |    31 ||    53

Table legend:
 A = Non-vault XP
 B = Vault XP
 C = Vault XP percentage of total XP
 D = Non-vault monster count
 E = Vault monster count
 F = Vault count percentage of total count
                 A         B        C        D         E       F
            +---------+---------+-------+---------+---------+-------
      Total |     294 |       0 |   0.0 |      71 |       0 |   0.0
            +---------+---------+-------+---------+---------+-------
        D:1 |      26 |       0 |   0.0 |      15 |       0 |   0.0
        D:2 |     103 |       0 |   0.0 |      32 |       0 |   0.0
        D:3 |     165 |       0 |   0.0 |      24 |       0 |   0.0
            +---------+---------+-------+---------+---------+-------
